 Dungeon Crawl Stone Soup version 0.30.0-10-gfe55d96785 (webtiles) character file.

Game seed: 3858760045143822297

774 freelancePsychic the Slasher (level 7, -5/54 HPs)
             Began as a Merfolk Artificer on May 14, 2023.
             Was a Believer of Nemelex Xobeh.
             Slain by an orc
             ... wielding a +0 flail
              (7 damage)
             ... on level 5 of the Dungeon.
             The game lasted 00:09:55 (5081 turns).

freelancePsychic the Slasher (Merfolk Artificer)    Turns: 5081, Time: 00:09:56

Health: -5/54      AC:  5    Str: 18    XL:     7   Next: 84%
Magic:  10/10      EV: 13    Int: 11    God:    Nemelex Xobeh [**....]
Gold:   1099       SH:  0    Dex: 16    Spells: 6/6 levels left

rFire   . . .        a - +0 short sword (spect)
rCold   . . .        (no shield)
rNeg    . . .        y - +0 leather armour
rPois   .            (no helmet)
rElec   .            m - +0 cloak {Will+}
rCorr   .            (no gloves)
SInv    .            q - +0 pair of boots
Will    +....        (no amulet)
Stlth   ++           n - +6 ring of strength
HPRegen 0.29/turn    (no ring)
MPRegen 0.12/turn

%: no passive effects
@: no status effects
A: (nimble swimmer 2), mertail
a: Renounce Religion, Draw Escape, Draw Destruction, Draw Summoning


You were on level 5 of the Dungeon.
You worshipped Nemelex Xobeh.
Nemelex Xobeh was pleased with you.
You visited 1 branch of the dungeon, and saw 5 of its levels.

You collected 1099 gold pieces.

Inventory:

Hand Weapons
 a - a +0 spectral short sword (weapon)
 b - a +1 short sword of venom
 p - a +3 rapier of protection
Armour
 k - a scarf of shadows
 m - a +0 cloak of willpower (worn)
 q - a +0 pair of boots (worn)
 y - a +0 leather armour (worn)
Jewellery
 n - a +6 ring of strength (left hand)
Wands
 c - a wand of flame (15)
 d - a wand of charming (15)
 e - a wand of iceblast (5) (quivered)
Scrolls
 g - a scroll of enchant armour {unknown}
 h - 2 scrolls of torment
 j - 2 scrolls of teleportation {unknown}
 l - a scroll of enchant weapon
 o - a scroll of blinking {unknown}
 r - a scroll of fear {unknown}
 t - a scroll of poison {unknown}
Potions
 s - 3 potions of lignification {unknown}
 u - 2 potions of brilliance {unknown}
 v - 3 potions of might {unknown}
 w - a potion of ambrosia {unknown}
 x - a potion of resistance {unknown}
 z - a potion of berserk rage {unknown}
 A - a potion of mutation {unknown}
 B - a potion of attraction {unknown}


   Skills:
 + Level 4.2 Fighting
 * Level 6.3 Long Blades
 - Level 0.6 Armour
 + Level 3.1 Dodging
 - Level 2.4 Stealth
 + Level 4.7 Invocations
 - Level 3.0 Evocations


You had 6 spell levels left.
You didn't know any spells.
Your spell library contained the following spells:

 Spells                   Type           Power      Damage    Failure   Level
 Blink                    Tloc           0%         N/A       54%         2
 Lesser Beckoning         Tloc           0%         N/A       54%         2
 Momentum Strike          Conj/Tloc      0%         3d8       54%         2
 Borgnjor's Revivificati  Necr           0%         N/A       100%        8
 Necromutation            Tmut/Necr      0%         N/A       100%        8
 Death's Door             Necr           0%         N/A       100%        9


Dungeon Overview and Level Annotations

Branches:
Dungeon (5/15)
 Temple: D:4-7

Altars:
Elyvilon
Nemelex Xobeh
Okawaru
Qazlal

Shops:
D:3 (

Annotations:
D:4 Dowan, Duvessa, Ijyb


Innate Abilities, Weirdness & Mutations

((You are very nimble when in or above water. (Stealth+, EV+, Speed+++)))
Your lower body shifts to a powerful aquatic tail in water.


Message History

* * * LOW HITPOINT WARNING * * *
The orc misses you.
You feel better.
Your +0 spectral short sword disappears.
The orc misses you. The orc barely misses you.
The orc priest attacks as you move away!
The orc priest closely misses you. The orc hits you but does no damage.
Okay, then.
You closely miss the orc priest.
Your +0 spectral short sword hits the orc priest but does no damage.
The orc priest closely misses your +0 spectral short sword.
You hit the orc priest.
The orc priest is lightly wounded.
Your +0 spectral short sword hits the orc priest but does no damage.
You hit the orc priest.
The orc priest is moderately wounded.
Your +0 spectral short sword misses the orc priest.
The orc priest hits you with a +0 flail.
The orc closely misses you. The orc barely misses you.
You closely miss the orc priest.
The orc priest is moderately wounded.
Your +0 spectral short sword hits the orc priest.
The orc priest barely misses you. The orc hits you with a +0 flail!
* * * LOW HITPOINT WARNING * * *
The orc hits you with a +0 flail.
* * * LOW HITPOINT WARNING * * *
You feel better.
Your +0 spectral short sword disappears.
The orc misses you.
The orc priest hits you with a +0 flail.
* * * LOW HITPOINT WARNING * * *
The orc misses you.
The orc priest attacks as you move away!
The orc priest hits you with a +0 flail.
* * * LOW HITPOINT WARNING * * *
The orc attacks as you move away! The orc hits you with a +0 flail.
* * * LOW HITPOINT WARNING * * *
The orc hits you with a +0 flail!
You die...
Your body glows with a rainbow of weird colours and disappears.

### ..# #.# #.#
..##.###.#######
.......o.@.....#
......)oo#####.#
..!......# #.#
.......... #.#
..........# #.#
#.......#.# #.#
#.......#.# #.#
#########$# #.#
##.######


You could see an orc priest and 2 orcs.

Vanquished Creatures
  Eustachio (D:4)
  An ogre (D:4)
  Blork the orc (D:3)
  A jelly (D:4)
  An orc priest (D:3)
  2 hounds
  3 iguanas
  2 orc wizards
  6 adders
  A gnoll (D:4)
  An ufetubus (D:5)
  4 worms
  3 dart slugs
  22 orcs
  3 bats
  7 endoplasms
  6 giant cockroaches
  11 goblins
  7 hobgoblins
  3 quokkas
  7 ball pythons
  4 frilled lizards
  11 kobolds
  6 rats
114 creatures vanquished.

Vanquished Creatures (collateral kills)
  2 gnolls (D:4)
2 creatures vanquished.

Grand Total: 116 creatures vanquished

Notes
Turn   | Place    | Note
-------+----------+-------------------------------------------
     0 | D:1      | freelancePsychic the Merfolk Artificer began the quest for
                  | the Orb.
     0 | D:1      | Reached XP level 1. HP: 15/15 MP: 1/1
    70 | D:1      | Reached skill level 1 in Long Blades
   148 | D:1      | Reached XP level 2. HP: 21/21 MP: 2/2
   275 | D:1      | Reached skill level 2 in Long Blades
   347 | D:1      | Reached XP level 3. HP: 27/27 MP: 3/3
  1046 | D:2      | Reached XP level 4. HP: 27/33 MP: 4/4
  1162 | D:2      | Found a faded altar of an unknown god.
  1165 | D:2      | Prayed at the altar of an unknown god.
  1165 | D:2      | Became a worshipper of Nemelex Xobeh the Trickster
  1165 | D:2      | Reached * piety under Nemelex Xobeh
  1165 | D:2      | Received a gift from Nemelex Xobeh
  1299 | D:2      | Reached skill level 3 in Long Blades
  2296 | D:3      | Found Kaumaj's Antique Weapon Shoppe.
  2608 | D:3      | Reached ** piety under Nemelex Xobeh
  2790 | D:3      | Reached skill level 1 in Invocations
  2790 | D:3      | Identified 2 scrolls of acquirement
  2854 | D:3      | Acquired a +0 cloak of willpower
  2866 | D:3      | Acquired 943 gold pieces
  2927 | D:3      | Reached XP level 5. HP: 39/39 MP: 5/5
  3025 | D:3      | Reached skill level 4 in Long Blades
  3405 | D:4      | Noticed an ogre
  3405 | D:4      | Found a stormy altar of Qazlal.
  3410 | D:4      | Noticed Eustachio
  3424 | D:4      | Killed Eustachio
  3425 | D:4      | Reached skill level 5 in Long Blades
  3425 | D:4      | Reached XP level 6. HP: 13/47 MP: 7/7
  3558 | D:4      | Found a white marble altar of Elyvilon.
  3596 | D:4      | Reached XP level 7. HP: 16/53 MP: 9/9
  3906 | D:4      | Reached skill level 6 in Long Blades
  4253 | D:4      | Noticed Blork the orc
  4270 | D:3      | Killed Blork the orc
  4539 | D:4      | Noticed Duvessa
  4540 | D:4      | Noticed Dowan
  4695 | D:4      | Noticed Ijyb
  4743 | D:5      | Entered Level 5 of the Dungeon
  4888 | D:5      | Found an iron altar of Okawaru.
  5081 | D:5      | HP: 2/54 [orc/+0 flail (6)]
  5081 | D:5      | Slain by an orc

Illustrated notes

Levels and vault maps discovered:
D:1:      dpeg_arrival_rhombus, layout_basic
D:2:      layout_loops_cross, shapermc_ecumenical_altar_mp_urbaneastern
D:3:      layout_basic, serial_shops, shop
D:4:      layout_basic, mainiacjoe_overflow_chevrons,
          mainiacjoe_overflow_alcove_4, mainiacjoe_overflow_catwalk_spiral,
          uniq_blork_the_orc, uniq_duvessa, uniq_eustachio, uniq_ijyb
D:5:      layout_loops_ring, hellmonk_okawaru_the_only_friend_you_need

Skill      XL: |  1  2  3  4  5  6  7 |
---------------+----------------------+-----
Long Blades    | 1 2 3 5 6 |  6.3
Stealth        | 2 |  2.4
Fighting       | 2 3 4 |  4.2
Invocations    | 1 2 4 |  4.7
Dodging        | 3 |  3.1
Armour         | |  0.6
Evocations     | |  3.0

Action                     |  1- 3 |  4- 6 |  7- 9 || total
---------------------------+-------+-------+-------++-------
  Melee: Falchion          |   116 |   155 |       ||   271
         Short sword       |       |    26 |   133 ||   159
         Tailslap          |       |     2 |     3 ||     5
         Punch             |       |       |     4 ||     4
  Throw: Dart              |       |    14 |     1 ||    15
 Invoke: Draw Destruction  |       |     5 |       ||     5
         Draw Summoning    |       |       |     1 ||     1
    Use: Scroll            |       |     5 |       ||     5
         Potion            |       |       |     4 ||     4
   Stab: Sleeping          |     2 |     4 |     3 ||     9
 Armour: Leather armour    |    23 |    31 |    27 ||    81
  Dodge: Dodged            |    88 |    96 |   102 ||   286
